Map: [ESL] Site Delta

Players

Clem

  • Race: Terran Terran
  • Spawn Location: 11:00

Classic - Winner!

  • Race: Protoss Protoss
  • Spawn Location: 5:00

Event: ESL Spring 2024 Finals

VOD

Have the link to the VOD?

Description

Time

  • Played on: May 31, 2024, 12:24 p.m.
  • Length: 15:45

All games in this series

Show
View Real Time Build Order
Export as new Build Order

Clem Terran 

Build Orders: Liberator Opening 

Get SALT Encoding   

  12  0:00  SCV  
  13  0:12  SCV  
  14  0:16  Supply Depot  
  14  0:24  SCV  
  15  0:38  SCV  
  15  0:39  Barracks  
  16  0:43  Refinery  
  16  0:50  SCV  
  16  0:54  Refinery  
  17  1:02  SCV  
  18  1:14  SCV  
  19  1:19  Engineering Bay  
  19  1:28  Orbital Command  
  20  1:32  Reaper  
  20  1:47  Factory  
  20  1:54  SCV  
  21  1:57  Supply Depot  
  21  2:04  Barracks Reactor  
  21  2:06  SCV  
  22  2:18  SCV  
  23  2:24  Command Center  
  23  2:30  SCV  
  23  2:34  Widow Mine  
  25  2:40  Starport  
  25  2:42  Marine  
  26  2:44  Marine  
  26  2:48  SCV  
  28  2:54  Supply Depot  
  28  3:00  SCV, Marine  
  28  3:06  Marine  
  28  3:08  Cyclone  
  30  3:15  SCV  
  30  3:17  Marine  
  32  3:20  Medivac  
  34  3:27  SCV  
  34  3:29  Marine  
  36  3:35  Supply Depot  
  36  3:37  Marine  
  36  3:39  SCV  
  38  3:43  Factory Tech Lab  
  38  3:47  Marine  
  39  3:57  Marine, Liberator  
  39  3:59  Orbital Command  
  39  4:01  SCV  
  44  4:07  Marine  
  45  4:10  Siege Tank  
  45  4:13  SCV  
  45  4:16  Marine  
  50  4:19  Supply Depot  
  50  4:24  Marine  
  50  4:25  SCV  
  50  4:26  SCV  
  49  4:34  Marine  
  49  4:37  SCV  
  49  4:38  SCV  
  49  4:39  Barracks  
  49  4:40  Starport Tech Lab  
  49  4:45  Marine  
  49  4:48  Siege Tank  
  49  4:49  SCV  
  49  4:50  SCV  
  55  4:56  Supply Depot, Marine  
  56  5:01  SCV  
  56  5:03  Raven, SCV  
  60  5:07  Supply Depot, Marine  
  60  5:14  SCV, Marine  
  59  5:15  SCV, Barracks  
  59  5:19  Refinery  
  62  5:25  Marine, Engineering Bay  
  62  5:26  SCV  
  62  5:27  SCV  
  65  5:31  Supply Depot  
  65  5:32  Marine  
  66  5:37  Stimpack  
  66  5:38  SCV  
  66  5:40  SCV  
  66  5:41  Marauder  
  70  5:51  SCV, Marine x2, Refinery  
  70  5:52  SCV  
  70  5:54  Terran Infantry Weapons Level 1  
  74  6:02  Marauder  
  74  6:03  SCV  
  74  6:04  SCV  
  78  6:08  Supply Depot  
  78  6:11  Combat Shield  
  78  6:12  Starport Reactor, Marauder, Marine x2  
  78  6:15  SCV  
  78  6:16  SCV, Factory Reactor  
  84  6:20  Supply Depot  
  86  6:26  Marauder  
  86  6:30  Marine x2  
  86  6:32  Command Center  
  87  6:36  Marauder  
  87  6:38  Factory Reactor  
  89  6:44  SCV x2  
  91  6:49  Marine x2, Marauder  
  91  6:51  Supply Depot  
  95  6:56  SCV  
  95  6:57  SCV  
  95  6:59  Marauder  
  95  7:00  Supply Depot  
  99  7:03  Medivac  
  99  7:07  Marine  
  102  7:09  SCV, Marine, Medivac  
  102  7:11  Marauder  
  110  7:16  Widow Mine x2  
  110  7:18  Supply Depot  
  110  7:19  Concussive Shells  
  112  7:28  Barracks x2  
  112  7:30  SCV  
  112  7:33  SCV  
  112  7:37  Supply Depot, Marine x2  
  114  7:41  Marauder  
  114  7:43  SCV  
  119  7:44  SCV  
  119  7:45  SCV  
  119  7:51  Marine  
  109  7:54  Widow Mine x2  
  109  7:55  SCV, Marine  
  111  7:59  Marine  
  111  8:00  SCV  
  111  8:02  Orbital Command  
  111  8:03  Marauder  
  115  8:07  Terran Infantry Armor Level 1  
  115  8:08  SCV, Marine  
  115  8:12  Viking  
  119  8:14  Medivac  
  119  8:16  SCV  
  122  8:20  Barracks Tech Lab, Marine x2, Barracks Reactor  
  122  8:21  SCV  
  122  8:24  Marauder  
  129  8:27  Ghost Academy, Marauder  
  129  8:29  SCV  
  129  8:31  SCV  
  129  8:32  Refinery  
  129  8:34  SCV  
  132  8:35  Refinery  
  131  8:42  SCV, Viking  
  131  8:44  Viking  
  131  8:45  Marauder  
  138  8:49  Widow Mine x2  
  138  8:51  SCV  
  138  8:53  SCV  
  138  8:54  Marine x2, Marauder x2  
  145  8:56  SCV  
  145  9:02  Armory  
  145  9:05  SCV  
  145  9:06  Engineering Bay  
  145  9:08  SCV  
  147  9:10  SCV  
  147  9:11  Ghost  
  147  9:14  Supply Depot  
  147  9:15  Viking x2  
  155  9:17  SCV  
  155  9:24  Command Center  
  155  9:28  Supply Depot, Ghost  
  157  9:34  Bunker  
  157  9:36  Supply Depot  
  157  9:38  Marine x3  
  157  9:39  Marine  
  157  9:41  Supply Depot  
  157  9:43  Ghost  
  157  9:45  Viking  
  165  9:48  Viking  
  165  9:54  Sensor Tower  
  165  9:55  Barracks  
  165  9:56  Barracks  
  165  9:58  Terran Infantry Weapons Level 2  
  165  10:00  Terran Ship Weapons Level 1  
  165  10:08  Barracks  
  165  10:09  Starport  
  165  10:10  Supply Depot  
  165  10:12  Ghost  
  167  10:14  Terran Infantry Armor Level 2  
  167  10:18  SCV  
  167  10:19  SCV x2  
  170  10:23  Ghost  
  170  10:26  Ghost  
  172  10:30  SCV, Marine  
  172  10:31  Marine x3  
  172  10:32  SCV  
  172  10:35  Refinery  
  178  10:36  Refinery  
  178  10:37  Viking  
  178  10:38  Viking  
  178  10:40  SCV  
  183  10:43  SCV, Armory  
  183  10:47  Viking  
  186  10:50  Viking  
  186  10:51  SCV  
  186  10:52  Barracks Tech Lab  
  186  10:54  Marine  
  186  10:55  Marine  
  186  10:56  Barracks Tech Lab  
  191  11:00  Planetary Fortress  
  191  11:01  Missile Turret  
  191  11:02  SCV  
  192  11:07  Barracks Tech Lab, Marine  
  193  11:13  Command Center  
  189  11:20  Ghost  
  189  11:21  Viking  
  189  11:23  Viking x2  
  197  11:26  Starport  
  197  11:31  Marauder  
  199  11:37  Marine  
  199  11:38  Command Center  
  200  11:51  Personal Cloaking  
  200  11:53  Terran Vehicle And Ship Armor Level 1  
  200  11:58  Ghost  
  198  12:02  Viking  
  198  12:09  Viking  
  199  12:26  Marine  
  199  12:28  Marine, Marauder  
  194  12:32  Starport Reactor  
  194  12:34  Marauder  
  194  12:37  Ghost x2  
  178  12:38  Marine  
  178  12:39  Ghost  
  178  12:40  Medivac x2  
  178  12:41  Marine  
  178  12:43  Ghost, Medivac  
  186  12:44  Marine  
  186  12:46  Marine  
  186  12:48  Ghost  
  190  12:53  Orbital Command  
  190  12:54  Ghost  
  190  12:55  Missile Turret  
  190  12:57  Missile Turret, Viking  
  194  12:58  Refinery, Command Center  
  194  13:00  Missile Turret  
  194  13:01  Terran Ship Weapons Level 2, Refinery  
  194  13:02  Marine  
  194  13:05  Ghost  
  195  13:07  Ghost  
  199  13:17  Viking  
  199  13:18  Ghost  
  193  13:24  Viking  
  185  13:28  Ghost  
  185  13:30  Ghost  
  185  13:33  Viking  
  186  13:34  Marine x2  
  186  13:38  Marine x2  
  186  13:40  Marine  
  171  13:43  Marine  
  171  13:44  Viking  
  171  13:46  Marine  
  171  13:47  SCV  
  171  13:48  Marauder  
  178  13:49  SCV  
  178  13:52  SCV, Marine x2  
  183  13:58  Marauder, Medivac  
  183  13:59  SCV  
  183  14:00  Marauder  
  185  14:10  Orbital Command  
  185  14:12  SCV  
  185  14:15  SCV  
  185  14:16  SCV  
  188  14:19  SCV  
  189  14:24  SCV  
  189  14:25  Viking  
  189  14:27  SCV  
  189  14:30  Refinery  
  193  14:37  Liberator  
  196  14:42  Liberator  
  198  14:47  Ghost  
  200  14:59  Ghost  
  192  15:02  Ghost  
  192  15:03  Marine  
  192  15:05  Marine  
  174  15:07  Marine  
  174  15:08  Viking x3  
  174  15:10  Ghost  
  174  15:13  Ghost  
  175  15:14  Marine  
  175  15:19  Marauder x2  
  175  15:21  Marine  
  173  15:26  Marine x2  
Show
View Real Time Build Order
Export as new Build Order

Classic Protoss - Winner!

Build Orders: Blink Stalkers, Carriers, Colossus Rush 

Get SALT Encoding   

  12  0:00  Probe  
  13  0:12  Probe  
  14  0:16  Pylon  
  14  0:24  Probe (Chrono Boost)  
  15  0:36  Gateway, Probe (Chrono Boost)  
  16  0:45  Probe (Chrono Boost)  
  16  0:46  Assimilator  
  17  0:51  Probe  
  18  1:03  Probe  
  19  1:15  Probe  
  20  1:23  Cybernetics Core  
  20  1:26  Zealot (Chrono Boost)  
  20  1:30  Probe  
  20  1:32  Pylon  
  23  1:48  Assimilator  
  23  1:50  Probe  
  24  2:00  Adept (Chrono Boost)  
  26  2:02  Probe  
  27  2:12  Nexus  
  27  2:15  Warp Gate  
  27  2:18  Probe  
  28  2:24  Pylon  
  28  2:30  Probe  
  28  2:36  Twilight Council  
  29  2:42  Probe  
  30  2:47  Stalker  
  32  2:54  Probe  
  33  3:06  Probe  
  32  3:18  Probe (Chrono Boost)  
  33  3:22  Stalker, Blink (Chrono Boost)  
  33  3:25  Probe (Chrono Boost)  
  36  3:30  Probe (Chrono Boost)  
  36  3:34  Probe (Chrono Boost)  
  36  3:36  Probe (Chrono Boost)  
  36  3:38  Robotics Facility  
  36  3:39  Probe (Chrono Boost)  
  37  3:42  Gateway  
  37  3:45  Probe  
  39  3:51  Probe  
  39  3:55  Gateway  
  40  3:59  Pylon  
  40  4:00  Probe  
  41  4:03  Stalker  
  41  4:05  Probe  
  44  4:11  Assimilator  
  44  4:15  Probe  
  44  4:17  Assimilator, Probe  
  45  4:29  Stalker  
  46  4:37  Observer  
  46  4:38  Probe x2  
  48  4:45  Robotics Bay  
  48  4:50  Probe (Chrono Boost)  
  50  4:54  Observer  
  50  4:55  Probe (Chrono Boost)  
  50  4:59  Nexus  
  52  5:01  Pylon, Probe (Chrono Boost)  
  52  5:05  Probe (Chrono Boost)  
  52  5:06  Probe (Chrono Boost)  
  53  5:13  Stalker  
  56  5:15  Probe  
  56  5:17  Stalker  
  56  5:19  Probe  
  60  5:21  Observer  
  60  5:26  Pylon  
  60  5:27  Probe  
  62  5:31  Probe  
  63  5:36  Colossus (Chrono Boost)  
  63  5:39  Probe  
  70  5:45  Pylon  
  70  5:48  Extended Thermal Lance, Probe  
  70  5:51  Probe  
  70  5:52  Pylon  
  71  6:00  Sentry x2  
  71  6:01  Probe  
  71  6:03  Charge, Probe  
  77  6:09  Observer  
  77  6:12  Probe  
  77  6:13  Probe  
  77  6:15  Probe  
  77  6:16  Observer  
  77  6:17  Gateway  
  80  6:20  Stalker  
  80  6:24  Probe, Colossus (Chrono Boost)  
  89  6:33  Probe x2  
  91  6:43  Gateway  
  91  6:44  Gateway  
  91  6:48  Probe x3  
  91  6:54  Stalker  
  96  6:56  Pylon  
  96  6:57  Stalker x2  
  96  6:58  Forge  
  100  7:01  Shield Battery  
  100  7:04  Probe  
  100  7:05  Probe x2  
  103  7:14  Warp Prism  
  105  7:17  Assimilator  
  105  7:19  Probe x3  
  105  7:20  Pylon  
  105  7:21  Assimilator  
  108  7:26  Templar Archives  
  108  7:28  Pylon  
  108  7:29  Zealot x4  
  116  7:32  Pylon, Protoss Ground Weapons Level 1 (Chrono Boost)  
  116  7:35  Shield Battery  
  116  7:42  Zealot x2  
  120  7:45  Gateway  
  114  7:52  Immortal  
  114  7:53  Psionic Storm  
  114  7:58  Zealot x4  
  125  8:11  High Templar  
  125  8:12  High Templar  
  129  8:16  Nexus  
  129  8:19  Pylon  
  129  8:27  Probe x2  
  129  8:28  Probe  
  129  8:31  Immortal  
  136  8:34  High Templar x2  
  136  8:39  Probe x2  
  136  8:40  Protoss Air Weapons Level 1, Probe  
  136  8:41  Pylon  
  143  8:42  Pylon  
  143  8:50  Pylon  
  143  8:51  Probe  
  143  8:52  Probe x2  
  146  8:59  Observer  
  146  9:01  High Templar x2  
  146  9:02  Observer, Stargate  
  148  9:04  Shield Battery, Probe x3  
  148  9:06  Shield Battery  
  148  9:09  Zealot x4  
  151  9:20  Protoss Ground Weapons Level 2 (Chrono Boost)  
  151  9:28  Assimilator  
  149  9:33  Assimilator  
  149  9:35  Stargate  
  149  9:37  Probe x4  
  153  9:38  Shield Battery  
  153  9:39  Photon Cannon  
  153  9:43  Shield Battery  
  153  9:45  Photon Cannon  
  153  9:47  Pylon, Stargate  
  153  9:49  Fleet Beacon  
  151  9:56  Gateway  
  151  9:57  Immortal  
  151  9:58  Gateway  
  151  10:01  Shield Battery, Pylon, Photon Cannon  
  151  10:04  Shield Battery  
  151  10:06  Photon Cannon  
  155  10:22  High Templar  
  155  10:23  High Templar  
  159  10:29  Carrier x2 (Chrono Boost)  
  159  10:32  Carrier (Chrono Boost)  
  177  10:37  Gateway  
  177  10:39  Gateway  
  177  10:44  Nexus  
  177  10:45  Pylon  
  183  10:56  Mothership (Chrono Boost)  
  183  11:00  Protoss Air Weapons Level 2 (Chrono Boost)  
  183  11:08  Pylon  
  183  11:14  Gateway  
  183  11:16  Gateway  
  177  11:23  Carrier x2 (Chrono Boost)  
  175  11:28  Carrier (Chrono Boost)  
  175  11:31  Photon Cannon  
  193  11:32  Photon Cannon  
  193  11:34  Photon Cannon  
  193  11:35  Shield Battery  
  193  11:39  Gateway  
  193  11:41  Warp Prism (Chrono Boost)  
  193  11:42  Gateway, Sentry  
  191  12:12  Zealot  
  191  12:13  Zealot x4  
  195  12:30  Zealot, Stalker  
  195  12:31  Protoss Ground Weapons Level 3 (Chrono Boost)  
  195  12:34  Stalker x4, Observer  
  197  12:42  Stalker x4  
  197  12:43  Stalker  
  197  12:55  Stalker  
  199  13:02  Nexus  
  199  13:03  Pylon  
  199  13:05  Protoss Air Armor Level 1 (Chrono Boost)  
  199  13:22  Stalker x5  
  199  13:26  Stalker  
  197  13:46  High Templar x2  
  191  13:55  Stalker x2  
  191  13:56  Stalker x2  
  193  14:05  Stalker x3  
  193  14:09  Cybernetics Core  
  199  14:22  Observer  
  190  15:03  Archon  
  190  15:04  Archon x2  
  174  15:10  Zealot x4  
  174  15:11  Zealot x11  
  191  15:36  Zealot x4  
Tags
 
Add a new tag
Caveats
  • Supply blocks, unpowered buildings, or Contaminate may cause inaccurate times.
  • Supply counts are checked every 10 seconds.